PA
PHOENIX HOTSPUR U-21 @ YELLOWKNIFE DRAGONBLOOD
08/29/2030
 
TOP OF THE 1ST
Phoenix Hotspur U-21 batting - Pitching for Yellowknife Dragonblood : RHP Forest Stanley
Pitching: RHP Forest Stanley
Batting: LHB Phil Mazzeo 0-0: Ball
1-0: Called Strike
1-1: Swinging Strike
1-2: Strikes out swinging
Batting: RHB Braylen Sampson 0-0: Ball
1-0: Ground out 4-3 (Groundball, 4)
Batting: LHB Dinand Rehling 0-0: Called Strike
0-1: Swinging Strike
0-2: Strikes out swinging
Top of the 1st over - 0 runs, 0 hits, 0 errors, 0 left on base; Phoenix 0 - Yellowknife 0
BOTTOM OF THE 1ST
Yellowknife Dragonblood batting - Pitching for Phoenix Hotspur U-21 : LHP José Vélez
Pitching: LHP José Vélez
Batting: RHB Manny García 0-0: Called Strike
0-1: Ball
1-1: Called Strike
1-2: Fly out, F7 (Line Drive, 78D)
Batting: RHB Melvin Thomas 0-0: Foul Ball, location: 2F
0-1: Ball
1-1: Foul Ball, location: 2F
1-2: Ball
2-2: Strikes out looking
Batting: RHB Cruz Orneleas 0-0: Ball
1-0: Called Strike
1-1: Ball
2-1: Ground out 5-3 (Groundball, 56)
Bottom of the 1st over - 0 runs, 0 hits, 0 errors, 0 left on base; Phoenix 0 - Yellowknife 0
TOP OF THE 2ND
Phoenix Hotspur U-21 batting - Pitching for Yellowknife Dragonblood : RHP Forest Stanley
Batting: RHB José Souza 0-0: Ball
1-0: Swinging Strike
1-1: Foul Ball, location: 2F
1-2: Ball
2-2: Ball
3-2: Foul Ball, location: 2F
3-2: Strikes out swinging
Batting: RHB Bill Poole 0-0: Foul Ball, location: 2F
0-1: Swinging Strike
0-2: DOUBLE (Groundball, 5L)
Batting: RHB Tyler Hannah 0-0: Ball
1-0: Foul Ball, location: 2F
1-1: Swinging Strike
1-2: Strikes out looking
Batting: RHB Terry MacDonald 0-0: Called Strike
0-1: Foul Ball, location: 2F
0-2: Strikes out swinging
Top of the 2nd over - 0 runs, 1 hit, 0 errors, 1 left on base; Phoenix 0 - Yellowknife 0
BOTTOM OF THE 2ND
Yellowknife Dragonblood batting - Pitching for Phoenix Hotspur U-21 : LHP José Vélez
Batting: RHB Ángel Romero 0-0: Called Strike
0-1: Ball
1-1: Fly out, F8 (Flyball, 78D)
Batting: RHB Gilberto Clemente 0-0: Called Strike
0-1: Ball
1-1: Called Strike
1-2: Foul Ball, location: 2F
1-2: SINGLE (Flyball, 78M)
Batting: RHB Víctor Cuevas 0-0: Ball
1-0: Ball
2-0: Called Strike
2-1: Called Strike
2-2: Strikes out swinging
Batting: RHB Thad Hillsman 0-0: Swinging Strike
0-1: Ball
1-1: Ball
2-1: Called Strike
2-2: SINGLE (Flyball, 9S)
Gilberto Clemente to second
Runner from 2nd tries for 3rd, SAFE, throw made to third
Batting: RHB Mitsuhide Bando 0-0: Fly out, F9 (Flyball, 89D)
Bottom of the 2nd over - 0 runs, 2 hits, 0 errors, 2 left on base; Phoenix 0 - Yellowknife 0
TOP OF THE 3RD
Phoenix Hotspur U-21 batting - Pitching for Yellowknife Dragonblood : RHP Forest Stanley
Batting: LHB Malibok Herreria 0-0: Ball
1-0: Foul Ball, location: 2F
1-1: Ball
2-1: Ground out 4-3 (Groundball, 4)
Batting: LHB Joseph Antoine 0-0: Ball
1-0: Ball
2-0: Ball
3-0: Base on Balls
Batting: LHB Phil Mazzeo 0-0: Ball
1-0: Called Strike
1-1: Foul Ball, location: 2F
1-2: Reached on error, E2 (Groundball, 15S)
Joseph Antoine to third
Batting: RHB Braylen Sampson 0-0: Swinging Strike
0-1: Fly out, F8 (Flyball, 8LM)
Runner from 3rd tags up, SCORES, no throw
Batting: LHB Dinand Rehling 0-0: Ball
1-0: Foul Ball, location: 2F
1-1: Called Strike
1-2: Ball
2-2: Ball
3-2: SINGLE (Groundball, 4D)
Phil Mazzeo to third
Phil Mazzeo scores
Batting: RHB José Souza 0-0: Called Strike
0-1: Ball
1-1: Fly out, F9 (Flyball, 9LSF)
Top of the 3rd over - 2 runs, 1 hit, 1 error, 1 left on base; Phoenix 2 - Yellowknife 0
BOTTOM OF THE 3RD
Yellowknife Dragonblood batting - Pitching for Phoenix Hotspur U-21 : LHP José Vélez
Batting: RHB Andy Garnet 0-0: Foul Ball, location: 2F
0-1: Ball
1-1: Fly out, F8 (Flyball, 89D)
Batting: RHB Manny García 0-0: Swinging Strike
0-1: SINGLE (Groundball, 6MD)
Batting: RHB Melvin Thomas 0-0: Called Strike
Manny García steals 2nd base
0-1: Called Strike
0-2: Strikes out looking
Batting: RHB Cruz Orneleas 0-0: Ball
1-0: SINGLE (Groundball, 34D)
Manny García to third
Runner from 3rd tries for Home, SAFE, no throw
Batting: RHB Ángel Romero 0-0: Ball
1-0: Ball
2-0: Foul Ball, location: 2F
2-1: Ball
3-1: SINGLE (Flyball, 8LS)
Cruz Orneleas to second
Runner from 2nd tries for 3rd, SAFE, no throw
Batting: RHB Gilberto Clemente 0-0: Ball
1-0: Called Strike
1-1: SINGLE (Flyball, 78S)
Cruz Orneleas scores
Ángel Romero to second
Runner from 2nd tries for 3rd, SAFE, no throw
Batting: RHB Víctor Cuevas 0-0: Ball
1-0: Foul Ball, location: 2F
1-1: Ball
2-1: Foul Ball, location: 2F
2-2: Foul Ball, location: 2F
2-2: Foul Ball, location: 2F
2-2: Ground out U3 (Groundball, 3)
Bottom of the 3rd over - 2 runs, 4 hits, 0 errors, 2 left on base; Phoenix 2 - Yellowknife 2
TOP OF THE 4TH
Phoenix Hotspur U-21 batting - Pitching for Yellowknife Dragonblood : RHP Forest Stanley
Batting: RHB Bill Poole 0-0: Ball
1-0: Ball
2-0: Called Strike
2-1: SINGLE (Groundball, 6D)
Batting: RHB Tyler Hannah 0-0: Ball
1-0: Ball
2-0: Ball
3-0: Called Strike
3-1: Base on Balls
Bill Poole to second
Batting: RHB Terry MacDonald 0-0: Called Strike
0-1: Ball
1-1: Ball
2-1: DOUBLE (Groundball, 5L)
Bill Poole scores
Tyler Hannah to third
Batting: LHB Malibok Herreria 0-0: Ball
1-0: Ball
2-0: Ball
3-0: Base on Balls
Batting: LHB Joseph Antoine 0-0: Fielders Choice at 2nd, 6-4 (Groundball, 6)
Tyler Hannah scores
Terry MacDonald to third
Batting: LHB Phil Mazzeo 0-0: Called Strike
Joseph Antoine is caught stealing 2nd base
0-1: Called Strike
0-2: Strikes out swinging
Top of the 4th over - 2 runs, 2 hits, 0 errors, 1 left on base; Phoenix 4 - Yellowknife 2
BOTTOM OF THE 4TH
Yellowknife Dragonblood batting - Pitching for Phoenix Hotspur U-21 : LHP José Vélez
Batting: RHB Thad Hillsman 0-0: Ground out 3-1 (Groundball, 34)
Batting: RHB Mitsuhide Bando 0-0: DOUBLE (Line Drive, 78D)
Batting: RHB Andy Garnet 0-0: Called Strike
0-1: Ground out 4-3 (Groundball, 4)
Mitsuhide Bando to third
Batting: RHB Manny García 0-0: Ball
1-0: Ground out 6-3 (Groundball, 6)
Bottom of the 4th over - 0 runs, 1 hit, 0 errors, 1 left on base; Phoenix 4 - Yellowknife 2
TOP OF THE 5TH
Phoenix Hotspur U-21 batting - Pitching for Yellowknife Dragonblood : RHP Forest Stanley
Batting: RHB Braylen Sampson 0-0: Fly out, F2 (Popup, 15S)
Batting: LHB Dinand Rehling 0-0: Swinging Strike
0-1: Foul Ball, location: 2F
0-2: Ball
1-2: Strikes out swinging
Batting: RHB José Souza 0-0: Ball
1-0: Foul Ball, location: 2F
1-1: Called Strike
1-2: SINGLE (Line Drive, 78S)
Batting: RHB Bill Poole 0-0: Ball
1-0: Called Strike
1-1: Swinging Strike
1-2: Ball
2-2: Ball
3-2: SINGLE (Groundball, 56D)
José Souza to second
José Souza to third
Batting: RHB Tyler Hannah 0-0: Called Strike
0-1: Ball
1-1: Foul Ball, location: 2F
1-2: SINGLE (Flyball, 8LS)
José Souza scores
Bill Poole to second
Pitching: LHP Tony Torres
Batting: RHB Terry MacDonald 0-0: Ball
1-0: Fielders Choice at 2nd, 5-4 (Groundball, 5)
Top of the 5th over - 1 run, 3 hits, 0 errors, 2 left on base; Phoenix 5 - Yellowknife 2
BOTTOM OF THE 5TH
Yellowknife Dragonblood batting - Pitching for Phoenix Hotspur U-21 : LHP José Vélez
Batting: RHB Melvin Thomas 0-0: SINGLE (Groundball, 6MD)
Batting: RHB Cruz Orneleas 0-0: Called Strike
0-1: Ball
1-1: Ball
2-1: Fly out, F8 (Line Drive, 8LD)
Batting: RHB Ángel Romero 0-0: Called Strike
0-1: Ball
1-1: Swinging Strike
1-2: Foul Ball, location: 2F
1-2: Ball
Melvin Thomas is caught stealing 2nd base
2-2: SINGLE (Groundball, 56D)
Batting: RHB Gilberto Clemente 0-0: Foul Ball, location: 2F
0-1: Ball
1-1: Fly out, F8 (Flyball, 8RS)
Bottom of the 5th over - 0 runs, 2 hits, 0 errors, 1 left on base; Phoenix 5 - Yellowknife 2
TOP OF THE 6TH
Phoenix Hotspur U-21 batting - Pitching for Yellowknife Dragonblood : LHP Tony Torres
Batting: LHB Malibok Herreria 0-0: Ball
1-0: Called Strike
1-1: Swinging Strike
1-2: Foul Ball, location: 2F
1-2: Strikes out swinging
Batting: LHB Joseph Antoine 0-0: Called Strike
0-1: Ball
1-1: Ball
2-1: Foul Ball, location: 2F
2-2: Foul Ball, location: 2F
2-2: Strikes out swinging
Batting: LHB Phil Mazzeo 0-0: Called Strike
0-1: Called Strike
0-2: Ground out 6-3 (Groundball, 6M)
Top of the 6th over - 0 runs, 0 hits, 0 errors, 0 left on base; Phoenix 5 - Yellowknife 2
BOTTOM OF THE 6TH
Yellowknife Dragonblood batting - Pitching for Phoenix Hotspur U-21 : LHP José Vélez
Batting: RHB Víctor Cuevas 0-0: Called Strike
0-1: Swinging Strike
0-2: Strikes out swinging
Batting: RHB Thad Hillsman 0-0: Ball
1-0: Ball
2-0: Ball
3-0: Base on Balls
Batting: RHB Mitsuhide Bando 0-0: Ball
1-0: Ball
2-0: Foul Ball, location: 2F
2-1: Called Strike
2-2: Ball
3-2: Foul Ball, location: 2F
3-2: Fly out, F7 (Line Drive, 7)
Batting: RHB Andy Garnet 0-0: Ball
1-0: Swinging Strike
1-1: Ball
2-1: Ball
3-1: Foul Ball, location: 2F
3-2: Strikes out looking
Bottom of the 6th over - 0 runs, 0 hits, 0 errors, 1 left on base; Phoenix 5 - Yellowknife 2
TOP OF THE 7TH
Phoenix Hotspur U-21 batting - Pitching for Yellowknife Dragonblood : LHP Tony Torres
Batting: RHB Braylen Sampson 0-0: Called Strike
0-1: Ground out 5-3 (Groundball, 56)
Batting: LHB Dinand Rehling 0-0: SINGLE (Flyball, 7LS)
Batting: RHB José Souza 0-0: Called Strike
Dinand Rehling steals 2nd base
0-1: Ball
1-1: Foul Ball, location: 2F
1-2: Ball
2-2: Reached on error, E4 (Groundball, 4M)
Dinand Rehling to third
Batting: RHB Bill Poole 0-0: Called Strike
0-1: Grounds into double play, 4-6-3 (Groundball, 4)
Top of the 7th over - 0 runs, 1 hit, 1 error, 1 left on base; Phoenix 5 - Yellowknife 2
BOTTOM OF THE 7TH
Yellowknife Dragonblood batting - Pitching for Phoenix Hotspur U-21 : LHP José Vélez
Now at 3B: Greg Billingsley
Batting: RHB Manny García 0-0: Called Strike
0-1: Fly out, F8 (Line Drive, 8RD)
Batting: RHB Melvin Thomas 0-0: SINGLE (Groundball, 56) (infield hit)
Batting: RHB Cruz Orneleas 0-0: Ball
1-0: Called Strike
1-1: Fly out, F7 (Flyball, 7S)
Batting: RHB Ángel Romero 0-0: Ball
1-0: Swinging Strike
1-1: Ball
2-1: Fielders Choice at 2nd, 5-4 (Groundball, 5)
Bottom of the 7th over - 0 runs, 1 hit, 0 errors, 1 left on base; Phoenix 5 - Yellowknife 2
TOP OF THE 8TH
Phoenix Hotspur U-21 batting - Pitching for Yellowknife Dragonblood : LHP Tony Torres
Batting: RHB Tyler Hannah 0-0: Ball
1-0: Foul Ball, location: 2F
1-1: Called Strike
1-2: Foul Ball, location: 2F
1-2: Foul Ball, location: 2F
1-2: Foul Ball, location: 2F
1-2: Ball
2-2: Strikes out swinging
Batting: RHB Terry MacDonald 0-0: Ball
1-0: Swinging Strike
1-1: Foul Ball, location: 2F
1-2: Strikes out looking
Batting: LHB Malibok Herreria 0-0: Ball
1-0: Ball
2-0: Called Strike
2-1: Called Strike
2-2: Foul Ball, location: 2F
2-2: Ball
3-2: Strikes out looking
Top of the 8th over - 0 runs, 0 hits, 0 errors, 0 left on base; Phoenix 5 - Yellowknife 2
BOTTOM OF THE 8TH
Yellowknife Dragonblood batting - Pitching for Phoenix Hotspur U-21 : LHP José Vélez
Now at 2B: Félix Sosa
Now in RF: Enrico Sandoval
Batting: RHB Gilberto Clemente 0-0: Ball
1-0: Ball
2-0: Fly out, F9 (Flyball, 89M)
Batting: RHB Víctor Cuevas 0-0: Foul Ball, location: 2F
0-1: Called Strike
0-2: Foul Ball, location: 2F
0-2: Ground out 6-3 (Groundball, 6)
Batting: RHB Thad Hillsman 0-0: TRIPLE (Flyball, 89XD)
Batting: RHB Mitsuhide Bando 0-0: Ground out 6-3 (Groundball, 6)
Bottom of the 8th over - 0 runs, 1 hit, 0 errors, 1 left on base; Phoenix 5 - Yellowknife 2
TOP OF THE 9TH
Phoenix Hotspur U-21 batting - Pitching for Yellowknife Dragonblood : LHP Tony Torres
Batting: LHB Joseph Antoine 0-0: Swinging Strike
0-1: Ball
1-1: Called Strike
1-2: Ground out 6-3 (Groundball, 6)
Batting: LHB Enrico Sandoval 0-0: Ball
1-0: Ball
2-0: Ball
3-0: Base on Balls
Batting: RHB Braylen Sampson 0-0: Ball
1-0: Ball
2-0: Fly out, F7 (Flyball, 7D)
Batting: LHB Dinand Rehling 0-0: Ball
1-0: Called Strike
1-1: Ball
2-1: Foul Ball, location: 2F
2-2: Foul Ball, location: 2F
2-2: Fly out, F8 (Flyball, 8RS)
Top of the 9th over - 0 runs, 0 hits, 0 errors, 1 left on base; Phoenix 5 - Yellowknife 2
BOTTOM OF THE 9TH
Yellowknife Dragonblood batting - Pitching for Phoenix Hotspur U-21 : LHP José Vélez
Pitching: RHP Tim Yoder
Batting: RHB Andy Garnet 0-0: Foul Ball, location: 2F
0-1: Ball
1-1: Ball
2-1: Ground out 4-3 (Groundball, 34)
Batting: RHB Manny García 0-0: Ball
1-0: Foul Ball, location: 2F
1-1: Foul Ball, location: 2F
1-2: Ball
2-2: Ground out 5-3 (Groundball, 56S)
Batting: RHB Melvin Thomas 0-0: Called Strike
0-1: Foul Ball, location: 2F
0-2: Ball
1-2: Ball
2-2: Ball
3-2: SINGLE (Groundball, 56D)
Batting: RHB Cruz Orneleas 0-0: Swinging Strike
0-1: Ball
1-1: Ball
2-1: Swinging Strike
2-2: Fly out, F9 (Flyball, 9)
Bottom of the 9th over - 0 runs, 1 hit, 0 errors, 1 left on base; Phoenix 5 - Yellowknife 2
Sunday, March 18th, 2018 - OOTP Baseball 18.8 Build 76